 Dungeon Crawl Stone Soup version 0.20.1-1-g8b1a95d (webtiles) character file.

1879 Kaglan the Grappler (level 8, -2/75 HPs)
             Began as a Troll Warper on Oct 24, 2017.
             Slain by a seven-headed hydra (8 damage)
             ... on level 6 of the Dungeon.
             The game lasted 00:27:54 (5089 turns).

Kaglan the Grappler (Troll Warper)                  Turns: 5089, Time: 00:27:55

Health: -2/75      AC:  6    Str: 22    XL:     8   Next: 91%
Magic:  10/10      EV:  7    Int:  9    God:
Gold:   229        SH: 12    Dex:  9    Spells: 11/11 levels left

rFire    . . .     SeeInvis .     - Unarmed
rCold    . . .     Gourm    +   H - +0 large shield
rNeg     . . .     Faith    .   a - +1 robe
rPois    .         Spirit   .   (helmet restricted)
rElec    .         Reflect  .   (no cloak)
rCorr    .         Harm     .   (gloves unavailable)
MR       .....                  (boots unavailable)
Stlth    +.........             (no amulet)
Regen    0.7/turn               (no ring)
MPRegen  0.2/turn               (no ring)

@: no status effects
A: unfitting armour, claws 3, fast metabolism 3, gourmand, regeneration 1,
shaggy fur 1, tough skin 2
a: no special abilities


You were on level 6 of the Dungeon.
You were full.

You visited 1 branch of the dungeon, and saw 6 of its levels.

You collected 229 gold pieces.

Inventory:

Hand Weapons
 v - a +0 hunting sling
 w - a +0 shortbow
Missiles
 d - 3 tomahawks of dispersal (quivered)
 l - 185 stones
 p - 2 throwing nets
 x - 86 arrows
 A - 30 sling bullets
 C - 2 tomahawks
Armour
 a - a +1 robe (worn)
 H - a +0 large shield (worn)
Jewellery
 k - an uncursed ring of stealth {unknown}
 y - a cursed -3 ring of evasion {unknown}
Wands
 B - a wand of paralysis (13/24)
 E - a wand of flame (27/48)
Scrolls
 c - a scroll of blinking
 e - 6 scrolls of teleportation
 j - a scroll of fear {unknown}
 n - a scroll of enchant armour
 o - 4 scrolls of fog
 s - 3 scrolls of identify
 z - 2 scrolls of remove curse
 F - a scroll of noise
Potions
 i - a potion of ambrosia
 m - a potion of invisibility {unknown}
 q - 3 potions of magic {unknown}
 t - 3 potions of flight {unknown}
 u - a potion of haste {unknown}
 D - a potion of curing
Books
 b - a book of Spatial Translocations

   Spells                             Type                      Level
   a - Blink                          Translocation                2
   b - Shroud of Golubria             Charms/Translocation         2
   c - Lesser Beckoning               Translocation                3
   d - Gell's Gravitas                Translocation                3
   e - Teleport Other                 Translocation                3
   f - Passage of Golubria            Translocation                4
 I - a book of Callings

   Spells                             Type                      Level
   a - Summon Small Mammal            Summoning                    1
   b - Call Imp                       Summoning                    2
   c - Call Canine Familiar           Summoning                    3
   d - Summon Guardian Golem          Hexes/Summoning              3
   e - Summon Lightning Spire         Summoning/Air                4
   f - Summon Ice Beast               Ice/Summoning                4
Comestibles
 f - 5 bread rations
 g - 7 fruits
 h - 2 royal jellies
 r - 7 meat rations
 G - 3 chunks of flesh


   Skills:
 + Level 3.0 Fighting
 - Level 0.8 Throwing
 + Level 5.3 Dodging
 - Level 0.1 Stealth
 * Level 1.6 Shields
 + Level 8.6 Unarmed Combat
 * Level 2.0 Spellcasting
   Level 2.1 Translocations
 * Level 1.2 Evocations


You had 11 spell levels left.
You didn't know any spells.

Dungeon Overview and Level Annotations

Branches:
Dungeon (6/15)             Temple (0/1) D:5

Altars:
Ashenzari
Hepliaklqana
Ru
Zin


Innate Abilities, Weirdness & Mutations

You are too large for most types of armour.
You have claws for hands.
Your metabolism is lightning-fast.
You like to eat raw meat.
Your natural rate of healing is unusually fast.
You are covered in fur. (AC +1)
You have very tough skin. (AC +2)


Message History

The six-headed hydra bites you! The six-headed hydra bites you.
You block the six-headed hydra's attack. x2
The six-headed hydra bites you. The six-headed hydra bites you!
You barely miss the six-headed hydra. The six-headed hydra bites you.
The six-headed hydra bites you but does no damage.
The six-headed hydra bites you!
The six-headed hydra bites you but does no damage.
You block the six-headed hydra's attack.
The six-headed hydra bites you but does no damage.
You tear one of the six-headed hydra's heads off!
The five-headed hydra grows two more!
You scratch the seven-headed hydra.
The seven-headed hydra is lightly wounded.
You block the seven-headed hydra's attack.
The seven-headed hydra bites you!
* * * LOW HITPOINT WARNING * * *
You block the seven-headed hydra's attack.
The seven-headed hydra bites you.
* * * LOW HITPOINT WARNING * * *
The seven-headed hydra bites you!
You die...

... #.. ..## ...
## l. .##
#.###..# #......#
#@#..# ### #D.#
##.## ########.##
#...####.......##
#.......########
#...##### #..##
#..## ######
#...#### #....###
##


You could see a seven-headed hydra and a leopard gecko.

Vanquished Creatures
  Pikel (D:3)
  Eustachio (D:4)
  2 phantoms
  2 centaurs
  4 ogres
  A scorpion (D:5)
  A bullfrog skeleton (D:5)
  3 hounds
  2 orc priests (D:6)
  2 iguanas (D:5)
  2 orc wizards
  Terence (D:3)
  3 worker ants
  A hound skeleton (D:4)
  A howler monkey zombie (D:6)
  6 gnolls (D:4)
  7 adders
  An ooze (D:2)
  6 worms
  2 dart slugs (D:2)
  2 leopard geckos
  16 orcs
  2 bats
  6 giant cockroaches
  8 goblins
  4 hobgoblins
  6 kobolds
  5 frilled lizards
  A quokka skeleton (D:4)
  8 rats
107 creatures vanquished.

Vanquished Creatures (others)
  A slave (D:4)
  A hound skeleton (D:4)
  2 worms (D:3)
  A giant cockroach (D:3)
  A bat (D:3)
  A goblin (D:3)
  A rat (D:3)
8 creatures vanquished.

Grand Total: 115 creatures vanquished

Notes
Turn   | Place    | Note
-------+----------+-------------------------------------------
     0 | D:1      | Kaglan the Troll Warper began the quest for the Orb.
     0 | D:1      | Reached XP level 1. HP: 19/19 MP: 1/1
   242 | D:1      | Reached XP level 2. HP: 28/28 MP: 3/3
  1080 | D:2      | Reached XP level 3. HP: 25/35 MP: 4/4
  1169 | D:2      | Found a hazy altar of Hepliaklqana.
  1200 | D:2      | Found a faded altar of an unknown god.
  1614 | D:2      | Reached XP level 4. HP: 42/42 MP: 5/5
  1922 | D:3      | Noticed a centaur
  1936 | D:3      | Killed a centaur
  1936 | D:3      | Reached skill level 3 in Unarmed Combat
  1936 | D:3      | Reached XP level 5. HP: 10/49 MP: 6/6
  1968 | D:3      | Noticed Terence
  1972 | D:3      | Killed Terence
  1972 | D:3      | Reached skill level 4 in Unarmed Combat
  2079 | D:4      | Noticed Pikel
  2079 | D:4      | Noticed a slave
  2079 | D:4      | Noticed a slave
  2079 | D:4      | Noticed a slave
  2101 | D:3      | Killed Pikel
  2101 | D:3      | Reached skill level 6 in Unarmed Combat
  2101 | D:3      | Reached XP level 6. HP: 5/57 MP: 7/7
  2101 | D:3      | Reached XP level 7. HP: 6/65 MP: 8/8
  2935 | D:5      | Entered Level 5 of the Dungeon
  3072 | D:4      | Reached skill level 7 in Unarmed Combat
  3281 | D:4      | Reached XP level 8. HP: 74/74 MP: 9/9
  3301 | D:4      | Noticed Eustachio
  3321 | D:4      | Killed Eustachio
  3344 | D:4      | Reached skill level 5 in Dodging
  3860 | D:4      | Reached skill level 8 in Unarmed Combat
  4169 | D:5      | Found a staircase to the Ecumenical Temple.
  4324 | D:5      | Found a sacrificial altar of Ru.
  4383 | D:5      | Found a glowing silver altar of Zin.
  4546 | D:5      | Reached skill level 1 in Shields
  4793 | D:5      | Reached skill level 1 in Evocations
  5040 | D:6      | Found a shattered altar of Ashenzari.
  5085 | D:6      | Noticed a six-headed hydra
  5089 | D:6      | Slain by a seven-headed hydra

Skill      XL: |  1  2  3  4  5  6  7  8 |
---------------+-------------------------+-----
Dodging        | 2 3 4 5 |  5.3
Unarmed Combat | 3 6 7 8 |  8.6
Fighting       | 2 3 |  3.0
Shields        | 1 |  1.6
Evocations     | 1 |  1.2
Spellcasting   | 2 |  2.0
Throwing       | |  0.8
Stealth        | |  0.1
Translocations | |  2.1

Action                   |  1- 3 |  4- 6 |  7- 9 || total
-------------------------+-------+-------+-------++-------
Melee: Unarmed           |   103 |    65 |   191 ||   359
       Punch             |     1 |       |     3 ||     4
Throw: Tomahawk          |     2 |       |       ||     2
  Use: Scroll            |       |       |     7 ||     7
       Potion            |       |       |     1 ||     1
 Stab: Paralysed         |       |       |     2 ||     2
  Eat: Chunk             |    10 |     2 |    24 ||    36
       Bread ration      |     1 |       |       ||     1
       Royal jelly       |       |       |     1 ||     1
       Meat ration       |       |       |     1 ||     1
       Fruit             |       |       |     1 ||     1
Armor: Robe              |    32 |    16 |    30 ||    78
Dodge: Dodged            |    45 |    44 |    72 ||   161
Block: Large shield      |       |       |    45 ||    45
